 Dungeon Crawl Stone Soup version 0.26-a0-649-gf8c6c3aab7 (webtiles) character file.

Game seed: 12227499688424703770

276 smeego the Slasher (level 6, 0/42 HPs)
             Began as an Octopode Fighter on Sept 27, 2020.
             Slain by an orc priest
             ... wielding a +0 whip
              (6 damage)
             ... on level 4 of the Dungeon.
             The game lasted 00:02:53 (3208 turns).

smeego the Slasher (Octopode Fighter)               Turns: 3208, Time: 00:02:54

Health: 0/42       AC:  1    Str: 18    XL:     6   Next: 25%
Magic:  6/6        EV: 12    Int: 10    God:
Gold:   111        SH:  9    Dex: 11    Spells: 5/5 levels left

rFire    . . .     SeeInvis .   a - +0 long sword
rCold    . . .     Faith    .   b - +0 kite shield
rNeg     . . .     Spirit   .   (helmet restricted)
rPois    +         Reflect  .   (no amulet)
rElec    .         Harm     .   r - ring of poison resistance
rCorr    .         Rampage  .   (no ring)
MR       .....                  (no ring)
Stlth    +++.......             (no ring)
HPRegen  0.14/turn              (no ring)
MPRegen  0.10/turn              (no ring)
                                (no ring)
                                (no ring)

@: lethally poisoned (0 -> -3)
A: almost no armour, stealthy swim, amphibious, 8 rings, constrict 8, camouflage
1, gelatinous body 1
a: no special abilities


You were on level 4 of the Dungeon.
You visited 1 branch of the dungeon, and saw 4 of its levels.

You collected 111 gold pieces.

Inventory:

Hand Weapons
 a - a +0 long sword (weapon)
Missiles
 k - 7 boomerangs of dispersal (quivered)
Armour
 b - a +0 kite shield (worn)
Jewellery
 i - an uncursed amulet of faith
 n - an uncursed ring of fire
 o - an uncursed ring of flight
 r - a ring of poison resistance (left tentacle)
 s - an uncursed amulet of guardian spirit
Scrolls
 f - 3 scrolls of teleportation
 h - a scroll of blinking
 j - a scroll of immolation {unknown}
 l - a scroll of fear {unknown}
 p - a scroll of remove curse {unknown}
 q - a scroll of enchant armour {unknown}
 u - a scroll of enchant weapon {unknown}
Potions
 c - a potion of might
 d - 2 potions of curing {unknown}
 e - a potion of mutation {unknown}
 g - a potion of magic {unknown}
 t - a potion of flight {unknown}


   Skills:
 + Level 3.6 Fighting
 * Level 3.7 Long Blades
 + Level 1.6 Throwing
 + Level 3.6 Dodging
 + Level 2.6 Stealth
 + Level 3.6 Shields
 + Level 2.0 Unarmed Combat


You had 5 spell levels left.
You didn't know any spells.
Your spell library was empty.

Dungeon Overview and Level Annotations

Branches:
Dungeon (4/15)
 Temple: D:4-7

Altars:
Makhleb
Okawaru

Annotations:
D:2 1 runed translucent door, Crazy Yiuf


Innate Abilities, Weirdness & Mutations

You cannot wear most types of armour.
You are very stealthy in the water. (Stealth+)
You are amphibious.
You can wear up to eight rings at the same time.
You can use your tentacles to constrict eight enemies at once.
Your skin changes colour to match your surroundings (Stealth+).
Your rubbery body absorbs attacks. (AC +1, EV +1)


Message History

Your squeeze misses the orc priest.
The orc priest calls down the wrath of Beogh upon you.
You barely resist. The worker ant barely misses you.
You riposte.
You hit the worker ant but do no damage.
Your grab misses the worker ant. You squeeze the worker ant!
The worker ant is heavily wounded.
You barely miss the orc priest. Your grab misses the orc priest.
You block the orc priest's attack. The worker ant bites you.
You are poisoned.
The worker ant poisons you!
Unknown command.
You hit the orc priest. Your grab misses the orc priest.
You squeeze the orc priest.
The orc priest is moderately wounded.
You feel sick. The worker ant bites you!
* * * LOW HITPOINT WARNING * * *
The orc priest hits you with a +0 whip.
* * * LOW HITPOINT WARNING * * *
The worker ant barely misses you. The orc priest hits you with a +0 whip.
You die...

#..#...#...#
#......#.#.#
##.#..)..#.#
#.#.#.#<#.#
#...#.#.#.#
#####...#.#
######.######.###
.........).a......
###.######@#....#
#o# #.# #..# #...
#.... #.....
##..... .###.## .
.#


You could see a worker ant and an orc priest.

Vanquished Creatures
  2 orc priests
  2 orc wizards
  7 adders
  An ooze (D:1)
  3 worms
  2 dart slugs (D:1)
  2 leopard geckos
  12 orcs
  8 bats
  3 giant cockroaches
  5 goblins
  5 hobgoblins
  7 jackals
  3 ball pythons (D:3)
  A frilled lizard (D:2)
  8 kobolds
  6 rats
77 creatures vanquished.

Notes
Turn   | Place    | Note
-------+----------+-------------------------------------------
     0 | D:1      | smeego the Octopode Fighter began the quest for the Orb.
     0 | D:1      | Reached XP level 1. HP: 16/16 MP: 1/1
   152 | D:1      | Reached XP level 2. HP: 15/21 MP: 2/2
   383 | D:1      | Reached skill level 1 in Stealth
   426 | D:1      | Reached XP level 3. HP: 22/26 MP: 3/3
  1212 | D:2      | Reached skill level 1 in Unarmed Combat
  1230 | D:2      | Reached XP level 4. HP: 31/31 MP: 4/4
  1352 | D:2      | Reached skill level 1 in Throwing
  1354 | D:2      | Found an iron altar of Okawaru.
  1859 | D:2      | Found a runed translucent door.
  1860 | D:2      | Noticed Crazy Yiuf
  2458 | D:2      | Reached XP level 5. HP: 26/36 MP: 5/5
  2697 | D:3      | Found a burning altar of Makhleb.
  2699 | D:3      | Noticed an Executioner
  3198 | D:4      | Reached XP level 6. HP: 41/42 MP: 6/6
  3208 | D:4      | Slain by an orc priest

Illustrated notes

Levels and vault maps discovered:
D:1:      dpeg_arrival_chambers_temple_mockup, layout_basic
D:2:      layout_basic, okawaru_trees_1, uniq_crazy_yiuf_cottage
D:3:      layout_rooms, nrook_mini_vaults, minmay_misc_feat_enclosed,
          minmay_misc_feat_hallway, makhleb_altar_promises_db
D:4:      layout_basic, minmay_temple_entry_grid, serial_shops, shop_coins,
          shop, gup_sewer_entry_bubbles

Skill      XL: |  1  2  3  4  5  6 |
---------------+-------------------+-----
Stealth        | 1 2 |  2.6
Unarmed Combat | 1 2 |  2.0
Throwing       | 1 |  1.6
Long Blades    | 3 |  3.7
Fighting       | |  3.6
Dodging        | |  3.6
Shields        | |  3.6

Action                   |  1- 3 |  4- 6 || total
-------------------------+-------+-------++-------
Melee: Long sword        |    42 |    86 ||   128
       Constrict         |    18 |    29 ||    47
       Tentacles         |     9 |    25 ||    34
       Punch             |       |     1 ||     1
  Use: Scroll            |       |     4 ||     4
 Stab: Sleeping          |     4 |    12 ||    16
Armor: Skin              |     5 |     1 ||     6
Dodge: Dodged            |    16 |    34 ||    50
Block: Kite shield       |    14 |    37 ||    51
       Rpst.: Long sword |     6 |    12 ||    18

Table legend: (Time is in decaauts)
 A = Elapsed time spent in this place.
 B = Non-inter-level travel time spent in this place.
 C = Inter-level travel time spent in this place.
 D = Time resting spent in this place.
 E = Time spent auto-exploring this place.
 F = Levels seen in this place.
 G = Mean time per level.
                   A        B        C        D        E       F      G
               +--------+--------+--------+--------+--------+-----+--------+
         Total |   3248 |   3107 |    141 |      0 |   2683 |   4 |  812.0 |
       Dungeon |   3248 |   3107 |    141 |      0 |   2683 |   4 |  812.0 |
               +--------+--------+--------+--------+--------+-----+--------+

Top non-repeatable levels by time:
     D:2: 1371 daAuts
     D:1: 1128 daAuts
     D:3: 688 daAuts
     D:4: 60 daAuts
